 Dungeon Crawl Stone Soup version 0.31-a0-700-gf13585253f (webtiles) character file.

Game seed: 3202010496759464960

6407 Newt the Markskobold (level 11, -5/93 HPs)
             Began as a Kobold Hunter on Sept 7, 2023.
             Was a Believer of Hepliaklqana.
             Slain by a wyvern (11 damage)
             ... on level 9 of the Dungeon.
             The game lasted 00:09:14 (8877 turns).

Newt the Markskobold (Kobold Hunter)                Turns: 8877, Time: 00:09:15

Health: -5/93      AC: 11    Str:  8    XL:     11   Next: 18%
Magic:  0/11       EV: 24    Int: 10    God:    Hepliaklqana [**....]
Gold:   206        SH:  0    Dex: 24    Spells: 9/10 levels left

rFire   + . .        G - +11 Screaming Sword {sonic wave}
rCold   + . .        (shield currently unavailable)
rNeg    . . .        w - +2 robe {rC+ rF+}
rPois   .            u - +2 hat
rElec   .            (no cloak)
rCorr   .            k - +0 pair of gloves
SInv    .            (no boots)
Will    .....        A - amulet of guardian spirit Stlth
                     z - +4 ring of protection
HPRegen 0.35/turn    r - +5 ring of evasion
MPRegen 0.12/turn

%: guardian spirit
@: berserking (expiring), hasted, very quick
A: reduced essence, small, no large weapons, nightstalker 3
a: Renounce Religion, Recall Ancestor, Ancestor Identity


You were on level 9 of the Dungeon.
You worshipped Hepliaklqana.
Hepliaklqana was pleased with you.
You visited 1 branch of the dungeon, and saw 9 of its levels.

You collected 456 gold pieces.
You spent 250 gold pieces at shops.

Inventory:

Hand Weapons
 a - a +1 shortbow
 G - the +11 Screaming Sword (weapon) {sonic wave}
   (You found it on level 7 of the Dungeon)
Armour
 c - a +0 leather armour
 k - a +0 pair of gloves (worn)
 l - a +3 ring mail
 o - a +0 helmet
 u - a +2 hat (worn)
 w - a +2 robe of resistance (worn)
Jewellery
 g - a +6 ring of dexterity
 i - a ring of wizardry
 r - a +5 ring of evasion (right hand)
 s - a ring of see invisible
 z - a +4 ring of protection (left hand)
 A - an amulet of guardian spirit (around neck)
 I - an amulet of the acrobat
Wands
 t - a wand of polymorph (18)
 x - a wand of flame (6)
 B - a wand of roots (10)
 E - a wand of paralysis (5)
 F - a wand of mindburst (6)
Scrolls
 b - a scroll of butterflies
 n - a scroll of silence
 v - 3 scrolls of teleportation
 y - a scroll of immolation
 H - a scroll of enchant weapon
Potions
 d - 2 potions of attraction
 e - 2 potions of cancellation
 f - a potion of brilliance
 h - a potion of ambrosia
 j - 5 potions of enlightenment
 p - a potion of heal wounds
 q - a potion of berserk rage
 C - 2 potions of curing
 D - 2 potions of lignification
 J - a potion of degeneration
 K - a potion of resistance
 L - a potion of mutation
 M - a potion of invisibility {unknown}


   Skills:
 - Level 8.7 Fighting
 + Level 6.6 Long Blades
 - Level 15.0 Ranged Weapons
 - Level 6.0 Dodging
 - Level 1.3 Stealth


You had 9 spell levels left.
You knew the following spells:

 Your Spells              Type           Power      Damage    Failure   Level
a - Summon Small Mammal   Summ           0%         N/A       36%         1

Your spell library contained the following spells:

 Spells                   Type           Power      Damage    Failure   Level
 Freeze                   Ice            0%         1d3       36%         1
 Kiss of Death            Conj/Necr      0%         2d5       36%         1
 Sandblast                Erth           0%         2d4       36%         1
 Blink                    Tloc           0%         N/A       50%         2
 Passwall                 Tmut/Erth      0%         N/A       50%         2
 Wereblood                Tmut           0%         N/A       50%         2
 Call Canine Familiar     Summ           0%         N/A       75%         3
 Confusing Touch          Hex            0%         N/A       75%         3
 Frozen Ramparts          Ice            0%         1d1       75%         3
 Stone Arrow              Conj/Erth      0%         3d7       75%         3
 Summon Guardian Golem    Hex/Summ       0%         N/A       75%         3
 Dispel Undead            Necr           0%         3d6       98%         4
 Manifold Assault         Tloc           0%         N/A       98%         4
 Vhi's Electric Charge    Tloc/Air       0%         N/A       98%         4
 Irradiate                Conj/Tmut      0%         3d11      100%        5


Dungeon Overview and Level Annotations

Branches:
Dungeon (9/15)             Temple (0/1) D:7
   Lair: D:8-11         Orc: D:9-12

Altars:
Ashenzari
Cheibriados
Elyvilon
Fedhas
Gozag
Hepliaklqana
Qazlal
Trog
Uskayaw
Wu Jian
Yredelemnul
Zin

Shops:
D:6 :   D:8 !

Annotations:
D:3 1 runed translucent door, Dordric's ghost, novice OpSh


Innate Abilities, Weirdness & Mutations

Your life essence is reduced to manifest your ancestor. (-10% HP)
You are small and have problems with some larger weapons.
You are completely attuned to the shadows.


Message History

The centaur warrior is heavily wounded.
The centaur warrior completely misses you. x2
The gnoll completely misses you. The rakshasa misses you.
The deep elf pyromancer mumbles some strange words.
The acid dragon misses you. The acid dragon closely misses you.
Unknown command.
Unknown command.
You completely miss the centaur warrior.
The centaur warrior is heavily wounded.
The centaur warrior closely misses you. The centaur warrior kicks you.
Xochitl hits the centaur warrior with a +0 dagger of draining!
The gnoll misses you.
The acid dragon bites you but does no damage.
The acid dragon completely misses you.
The rakshasa hits you from afar with a +0 trident!
The centaur warrior hits you with a +0 whip.
The centaur warrior completely misses you.
Xochitl casts a spell at the gnoll.
The gnoll resists with significant effort.
Unknown command.
You closely miss the centaur warrior.
The centaur warrior is severely wounded.
The centaur warrior hits you with a +0 whip.
The centaur warrior misses you. The rakshasa gestures at you.
The lance of force hits you!!
* * * LOW HITPOINT WARNING * * *
You are knocked back by the lance of force.
You slam into the stone wall!
* * * LOW HITPOINT WARNING * * *
The gnoll hits Xochitl from afar with a +0 halberd!
The acid dragon spits acid at you. The splash of acid misses you.
You slash the centaur warrior!
You kill the centaur warrior!
A centaur comes into view.
The wyvern bites you!
* * * LOW HITPOINT WARNING * * *
The wyvern bites you!
You die...

#.#.# #<# #. ..#
#.#.# #.###.
#..##.#.# #.....
#..#.#.# ###### #.
..##...#.#### #
##.##..##.......# #
#..R##..#.#####.#####
..)l|##.#.# #......
.○Eg@|.#).# #..####
○|eDR##†#...# #..# #
#.D.##..#.#.##...# #
##c##..##......... .
#.#..# ...### ..#


You could see the friendly Xochitl the hexer, a rakshasa, a deep elf pyromancer,
a fire elemental (summoned), a steam dragon, a wyvern, an acid dragon (catching
breath), a centaur and a gnoll (distracted, ally target).

Vanquished Creatures
  A two-headed ogre (D:8)
  A centaur warrior (D:9)
  Pikel (D:7)
  An ugly thing (D:9)
  A manticore (D:9)
  An unseen horror (D:6)
  Sigmund (D:4)
  2 wyverns
  5 yaks (D:9)
  A steam dragon (D:9)
  A water moccasin (D:7)
  A sky beast (D:7)
  3 black bears
  3 centaurs
  2 lemures (D:7)
  2 phantoms
  A bullfrog (D:8)
  A necrophage (D:4)
  7 scorpions
  3 wights (D:8)
  2 killer bees (D:8)
  A bullfrog zombie (D:4)
  3 jellies
  A sleepcap (D:8)
  5 orc priests
  A gnoll bouda (D:6)
  A hound (D:3)
  Ijyb (D:4)
  Jessica (D:2)
  5 iguanas
  5 orc wizards
  11 gnolls
  6 adders
  2 shadow imps
  2 white imps (D:6)
  An ufetubus (D:6)
  A worm (D:4)
  A dart slug (D:2)
  19 orcs
  6 endoplasms
  3 giant cockroaches
  4 goblins
  5 hobgoblins
  8 kobolds
  2 quokkas
  6 ball pythons
  9 bats
  5 frilled lizards
  5 rats
161 creatures vanquished.

Vanquished Creatures (collateral kills)
  A steam dragon (D:7)
  An orc warrior (D:6)
  A centaur (D:8)
  3 scorpions (D:7)
  An adder (D:7)
  An orc (D:8)
  A bat (D:7)
9 creatures vanquished.

Vanquished Creatures (others)
  2 ancestors
2 creatures vanquished.

Grand Total: 172 creatures vanquished

Notes
Turn   | Place    | Note
-------+----------+-------------------------------------------
     0 | D:1      | Newt the Kobold Hunter began the quest for the Orb.
     0 | D:1      | Reached XP level 1. HP: 12/12 MP: 1/1
   269 | D:1      | Found a faded altar of an unknown god.
   336 | D:1      | Reached XP level 2. HP: 18/18 MP: 2/2
  1054 | D:2      | Reached XP level 3. HP: 23/23 MP: 3/3
  1056 | D:2      | Learned a level 1 spell: Summon Small Mammal
  1340 | D:2      | Noticed Jessica
  1342 | D:2      | Killed Jessica
  1343 | D:2      | Reached XP level 4. HP: 30/30 MP: 4/4
  1453 | D:2      | Found a stormy altar of Qazlal.
  2035 | D:3      | Reached skill level 5 in Fighting
  2047 | D:3      | Found a bloodstained altar of Trog.
  2262 | D:3      | Found a runed translucent door.
  2263 | D:3      | Noticed a bullfrog
  2263 | D:3      | Noticed Dordric's ghost (novice OpSh)
  2277 | D:3      | Reached skill level 6 in Ranged Weapons
  2277 | D:3      | Reached XP level 5. HP: 35/35 MP: 5/5
  2593 | D:4      | Noticed Ijyb
  2785 | D:4      | Killed Ijyb
  2802 | D:4      | Reached skill level 7 in Ranged Weapons
  2802 | D:4      | Reached XP level 6. HP: 30/40 MP: 6/6
  3052 | D:4      | Found a blossoming altar of Fedhas.
  3147 | D:4      | Got the Omnibus of Gaseous Ice
  3231 | D:4      | Identified the staff "Xyerenty" {rElec Int+3 Conj}
  3260 | D:4      | Noticed Sigmund
  3279 | D:4      | Killed Sigmund
  3280 | D:4      | Reached skill level 9 in Ranged Weapons
  3280 | D:4      | Reached XP level 7. HP: 26/44 MP: 7/7
  3763 | D:5      | Entered Level 5 of the Dungeon
  3862 | D:5      | Reached skill level 10 in Ranged Weapons
  4129 | D:5      | Reached XP level 8. HP: 43/49 MP: 8/8
  4207 | D:5      | Reached skill level 5 in Dodging
  4656 | D:5      | Found a glowing silver altar of Zin.
  4784 | D:5      | Found a hazy altar of Hepliaklqana.
  4789 | D:5      | Became a worshipper of Hepliaklqana the Forgotten
  5097 | D:6      | Reached skill level 11 in Ranged Weapons
  5135 | D:6      | Noticed an unseen horror
  5137 | D:6      | Killed an unseen horror
  5138 | D:6      | Reached skill level 12 in Ranged Weapons
  5138 | D:6      | Reached XP level 9. HP: 11/54 MP: 9/9
  5742 | D:6      | Found a basalt altar of Yredelemnul.
  5748 | D:6      | Reached skill level 13 in Ranged Weapons
  5758 | D:6      | Found a hide-covered altar of Uskayaw.
  5953 | D:6      | Found Ofevoqe's Book Emporium.
  5953 | D:6      | Reached * piety under Hepliaklqana
  6676 | D:7      | Reached skill level 14 in Ranged Weapons
  6829 | D:7      | Found a staircase to the Ecumenical Temple.
  6967 | D:7      | Found a broken altar of Ashenzari.
  7073 | D:7      | Found the +11 Singing Sword {sonic wave}
  7115 | D:7      | Reached skill level 15 in Ranged Weapons
  7142 | D:7      | Noticed Pikel
  7164 | D:7      | Killed Pikel
  7165 | D:7      | Reached XP level 10. HP: 21/56 MP: 3/10
  7327 | D:7      | Found a white marble altar of Elyvilon.
  7547 | D:7      | Identified the +6 great sword of the King {antimagic,
                  | Str+5}
  7758 | D:8      | Found a snail-covered altar of Cheibriados.
  7964 | D:8      | Noticed a two-headed ogre
  7969 | D:8      | Killed a two-headed ogre
  8289 | D:8      | Reached ** piety under Hepliaklqana
  8290 | D:8      | Remembered your ancestor Xochitl as a hexer
  8376 | D:8      | Found an ornate altar of the Wu Jian Council.
  8376 | D:8      | Found an opulent altar of Gozag.
  8588 | D:8      | Found Amuic's Distillery.
  8594 | D:8      | Bought a potion of curing for 30 gold pieces
  8594 | D:8      | Bought a potion of degeneration for 10 gold pieces
  8594 | D:8      | Bought a potion of lignification for 30 gold pieces
  8594 | D:8      | Bought a potion of resistance for 100 gold pieces
  8594 | D:8      | Bought a potion of mutation for 80 gold pieces
  8610 | D:8      | Found a stormy altar of Qazlal.
  8792 | D:9      | Reached skill level 5 in Long Blades
  8793 | D:9      | Reached XP level 11. HP: 58/62 MP: 11/11
  8860 | D:9      | Noticed a white ugly thing
  8864 | D:9      | Killed a white ugly thing
  8865 | D:9      | Noticed a manticore
  8865 | D:9      | Noticed a rakshasa
  8865 | D:9      | Noticed a centaur warrior
  8868 | D:9      | Identified the +0 leather armour of Impatience {rElec
                  | Regen+ SInv}
  8868 | D:9      | Noticed a deep elf pyromancer
  8871 | D:9      | Killed a manticore
  8877 | D:9      | Killed a centaur warrior
  8877 | D:9      | Slain by a wyvern

Illustrated notes

Levels and vault maps discovered:
D:1:      dpeg_arrival_tiny_c, layout_basic,
          shapermc_ecumenical_altar_mp_urbaneastern, kennysheep_flooded_box,
          amcnicky_mini_rare_corridor_liquid
D:2:      layout_basic, basic_altar, uniq_jessica
D:3:      layout_basic, general_overflow_altar, ebering_ghost_inner_flame,
          minmay_misc_feat_x
D:4:      layout_loops_ring, fedhas_altar_decomposition, uniq_ijyb, uniq_sigmund
D:5:      layout_loops_corners, nicolae_hepliaklqana_hazy_memory,
          kennysheep_mini
D:6:      layout_gridville, mainiacjoe_overflow_large_starburst, serial_shops,
          shop
D:7:      old_forge, layout_basic, ashenzari_altar_1,
          mainiacjoe_overflow_cross_hatched, minmay_temple_entry_stoned_glass,
          grunt_ministairs_2, uniq_pikel
D:8:      layout_basic, grunt_qazlal_sundering,
          mainiacjoe_overflow_six_doors_small, nicolae_overflow_two_pavilions,
          serial_shops, shop
D:9:      minmay_the_grid_octo_triangle [minmay_the_grid_octo_concentric,
          minmay_the_grid_octo_prize_star,
          minmay_the_grid_octo_tetromino_candy], layout_loops_ring,
          doesnt_shop_hydraphobe, uniq_prince_ribbit1, uniq_erolcha

Skill      XL: |  1  2  3  4  5  6  7  8  9 10 11 |
---------------+----------------------------------+-----
Fighting       | 3 4 5 7 8 |  8.7
Ranged Weapons | 6 7 9 10 12 15 | 15.0
Dodging        | 4 6 |  6.0
Long Blades    | 5 6 |  6.6
Stealth        | |  1.3

Action                     |  1- 3 |  4- 6 |  7- 9 | 10-12 || total
---------------------------+-------+-------+-------+-------++-------
  Melee: Unarmed           |       |    28 |       |       ||    28
         Double sword      |       |       |       |    62 ||    62
   Fire: Shortbow          |    48 |   100 |   357 |    26 ||   531
   Cast: Summon Small Mamm |       |     1 |       |       ||     1
 Invoke: Ancestor Life: He |       |       |       |     1 ||     1
  Evoke: Wand              |       |       |     1 |     1 ||     2
    Use: Scroll            |     4 |     2 |     7 |     1 ||    14
         Potion            |       |       |     1 |     2 ||     3
   Stab: Confused          |       |     1 |       |       ||     1
         Sleeping          |       |       |       |     3 ||     3
 Armour: Leather armour    |     1 |    17 |     3 |       ||    21
         Ring mail         |     2 |       |       |       ||     2
         Skin              |       |     6 |       |       ||     6
         Robe              |       |       |    48 |    38 ||    86
  Dodge: Dodged            |    15 |    71 |   133 |   109 ||   328

Table legend: (Time is in decaauts)
 A = Elapsed time spent in this place.
 B = Non-inter-level travel time spent in this place.
 C = Inter-level travel time spent in this place.
 D = Time resting spent in this place.
 E = Time spent auto-exploring this place.
 F = Levels seen in this place.
 G = Mean time per level.
                   A        B        C        D        E       F      G
               +--------+--------+--------+--------+--------+-----+--------+
         Total |   8831 |   8569 |    262 |   1163 |   6353 |   9 |  981.2 |
       Dungeon |   8831 |   8569 |    262 |   1163 |   6353 |   9 |  981.2 |
               +--------+--------+--------+--------+--------+-----+--------+

Top non-repeatable levels by time:
     D:6: 1330 daAuts
     D:5: 1316 daAuts
     D:7: 1264 daAuts
     D:8: 1023 daAuts
     D:4: 1020 daAuts
     D:2: 961 daAuts
     D:1: 930 daAuts
     D:3: 869 daAuts
     D:9: 114 daAuts
